 Dungeon Crawl Stone Soup version 0.25-a0-571-gb5e01bddfa (webtiles) character file.

Game seed: 6806669578294127871, levelgen mode: deterministic

357 Amnekian the Slasher (level 6, 0/56 HPs)
             Began as a Naga Fighter on Feb 29, 2020.
             Was a Believer of Elyvilon.
             Slain by a crocodile (3 damage)
             ... on level 3 of the Dungeon.
             The game lasted 00:13:24 (3263 turns).

Amnekian the Slasher (Naga Fighter)                 Turns: 3263, Time: 00:13:25

Health: 0/56       AC:  5    Str: 18    XL:     6   Next: 64%
Magic:  5/6        EV:  7    Int: 11    God:    Elyvilon [**....]
Gold:   129        SH:  8    Dex: 10    Spells: 5/5 levels left

rFire    . . .     SeeInvis +   a - +0 long sword
rCold    . . .     Gourm    .   c - +0 kite shield
rNeg     . . .     Faith    .   b - +0 scale mail
rPois    +         Spirit   .   (no helmet)
rElec    .         Reflect  .   (no cloak)
rCorr    .         Harm     .   (no gloves)
MR       .....                  (no barding)
Stlth    +.........             (no amulet)
HPRegen  0.18/turn              l - +2 ring of evasion
MPRegen  0.10/turn              (no ring)

@: about to teleport, very slow
A: large, see invisible, deformed body, poison resistance, slowness 2, slow
metabolism 1, spit poison 1, AC +2
a: Spit Poison, Lesser Healing, Heal Other, Divine Protection, Renounce Religion


You were on level 3 of the Dungeon.
You worshipped Elyvilon.
Elyvilon was pleased with you.
You were not hungry.

You visited 1 branch of the dungeon, and saw 4 of its levels.

You collected 129 gold pieces.

Inventory:

Hand Weapons
 a - a +0 long sword (weapon)
Missiles
 m - 2 silver javelins
 q - 29 stones (quivered)
Armour
 b - a +0 scale mail (worn)
 c - a +0 kite shield (worn)
Jewellery
 l - a +2 ring of evasion (left hand)
 u - an uncursed amulet of faith {unknown}
Scrolls
 e - 2 scrolls of remove curse {unknown}
 g - a scroll of amnesia {unknown}
 j - 2 scrolls of enchant armour {unknown}
 k - 3 scrolls of teleportation
 s - a scroll of magic mapping {unknown}
 t - a scroll of blinking {unknown}
 v - a scroll of enchant weapon {unknown}
Potions
 d - a potion of might
 h - 2 potions of flight {unknown}
 i - a potion of lignification {unknown}
 n - 2 potions of brilliance {unknown}
 o - 2 potions of curing {unknown}
 p - a potion of haste {unknown}
Comestibles
 f - 6 rations
 r - 4 chunks of flesh


   Skills:
 - Level 3.0 Fighting
 * Level 6.5 Long Blades
 - Level 2.4 Armour
 + Level 2.7 Stealth
 - Level 2.4 Shields


You had 5 spell levels left.
You didn't know any spells.
Your spell library was empty.

Dungeon Overview and Level Annotations

Branches:
Dungeon (4/15)
 Temple: D:4-7

Altars:
Elyvilon
Hepliaklqana
Kikubaaqudgha
Makhleb
Wu Jian
The Shining One

Annotations:
D:2 1 runed translucent door, 1 exclusion, Crazy Yiuf
D:3 exclusion: door


Innate Abilities, Weirdness & Mutations

You cannot wear boots.
Your serpentine skin is tough. (AC +2)
You have supernaturally acute eyesight. (SInv)
Armour fits poorly on your strangely shaped body.
Your system is resistant to poisons. (rPois)
You cover ground very slowly.
You have a slow metabolism.
You can spit poison.


Message History

The crocodile is lightly wounded.
The crocodile bites you!
You hit the crocodile.
The crocodile is moderately wounded.
The crocodile bites you! x2
* * * LOW HITPOINT WARNING * * *
You have got your breath back.
The crocodile bites you!
* * * LOW HITPOINT WARNING * * *
You fail to use your ability.
The crocodile looks more healthy.
The crocodile bites you but does no damage.
You are healed.
You feel somewhat more hungry. The crocodile bites you!
* * * LOW HITPOINT WARNING * * *
As you read the scroll labeled POCZIU VASHETO, it crumbles to dust.
You feel strangely unstable.
It was a scroll of teleportation.
You block the crocodile's attack.
You slash the crocodile!
The crocodile is severely wounded.
The crocodile bites you.
You die...

' #.# #...### . #.#
....# #
########.########....#
.
................#.._..
#
######'#########.#∩#.#
#........# ##
#........# ..
#........# ..
#######...@....# ..
#.....#..t.....# ..
#..............# ..
.....(......)...# ..
..##....###'##### .
..'....# #.# ..##....#
#'# . ....... ...
.##..... ...


You could see a crocodile.

Vanquished Creatures
  A howler monkey (D:3)
  A hound (D:3)
  A jelly (D:2)
  Jessica (D:2)
  Natasha (D:1)
  A worker ant (D:2)
  An orc wizard (D:3)
  Robin (D:3)
  3 adders
  7 oozes (D:2)
  3 worms
  3 dart slugs
  2 leopard geckos
  An orc (D:3)
  A giant cockroach (D:1)
  8 hobgoblins
  9 kobolds
  2 quokkas (D:3)
  7 bats
  3 frilled lizards
  15 goblins
  6 rats
78 creatures vanquished.

Vanquished Creatures (others)
  A fungus (D:2)
  11 toadstools (D:2)
12 creatures vanquished.

Grand Total: 90 creatures vanquished

Notes
Turn   | Place    | Note
-------+----------+-------------------------------------------
     0 | D:1      | Amnekian the Naga Fighter began the quest for the Orb.
     0 | D:1      | Reached XP level 1. HP: 21/21 MP: 1/1
   143 | D:1      | Reached XP level 2. HP: 21/28 MP: 2/2
   495 | D:1      | Reached skill level 3 in Long Blades
   738 | D:2      | Found a white marble altar of Elyvilon.
   739 | D:2      | Found a glowing golden altar of the Shining One.
   740 | D:2      | Found an ornate altar of the Wu Jian Council.
   760 | D:2      | Reached XP level 3. HP: 16/34 MP: 3/3
   960 | D:2      | Became a worshipper of Elyvilon the Healer
  1135 | D:2      | Noticed Jessica
  1154 | D:2      | Killed Jessica
  1154 | D:2      | Reached skill level 4 in Long Blades
  1154 | D:2      | Reached XP level 4. HP: 3/42 MP: 4/4
  1503 | D:2      | Reached * piety under Elyvilon
  1505 | D:2      | Noticed Natasha
  1518 | D:1      | Killed Natasha
  1803 | D:2      | Found an ancient bone altar of Kikubaaqudgha.
  1904 | D:2      | Reached skill level 5 in Long Blades
  1904 | D:2      | Reached XP level 5. HP: 39/49 MP: 5/5
  1952 | D:2      | Found a runed translucent door.
  1953 | D:2      | Noticed Crazy Yiuf
  2031 | D:2      | Found a hazy altar of Hepliaklqana.
  2541 | D:3      | Reached ** piety under Elyvilon
  2683 | D:3      | Noticed a crocodile
  2725 | D:3      | Reached XP level 6. HP: 51/56 MP: 6/6
  2737 | D:3      | Reached skill level 6 in Long Blades
  2737 | D:3      | Reached skill level 1 in Stealth
  2739 | D:3      | Noticed Robin
  3051 | D:3      | Found a burning altar of Makhleb.
  3205 | D:3      | Killed Robin
  3263 | D:3      | Slain by a crocodile

Levels and vault maps discovered:
D:1:      kennysheep_arrival_seaside, layout_loops_cross
D:2:      cheibrodos_fertilizer, layout_basic, nicolae_overflow_hidden_temple,
          kiku_gazebo_garden_becter, chequers_temple_overflow_statue_of_worship,
          uniq_natasha, uniq_jessica, uniq_crazy_yiuf_cottage
D:3:      layout_basic, first_ration, grunt_ministairs_6,
          makhleb_heckhound_becter, uniq_robin
D:4:      layout_basic, nicolae_qazlal_general_emergency, lemuel_doored_altar,
          minmay_temple_entry_water_ring, uniq_ijyb

Skill      XL: |  1  2  3  4  5  6 |
---------------+-------------------+-----
Long Blades    | 3 4 5 6 |  6.5
Stealth        | 2 |  2.7
Fighting       | |  3.0
Armour         | |  2.4
Shields        | |  2.4

Action                   |  1- 3 |  4- 6 || total
-------------------------+-------+-------++-------
Melee: Long sword        |    86 |   198 ||   284
Throw: Stone             |       |    14 ||    14
Invok: Lesser Healing    |       |     1 ||     1
 Abil: Spit Poison       |       |     9 ||     9
  Use: Scroll            |       |     1 ||     1
  Eat: Chunk             |       |     7 ||     7
Armor: Scale mail        |    36 |    75 ||   111
Dodge: Dodged            |    19 |    73 ||    92
Block: Kite shield       |    38 |    87 ||   125
       Rpst.: Long sword |     4 |    22 ||    26

Table legend:
 A = Non-vault XP
 B = Vault XP
 C = Vault XP percentage of total XP
 D = Non-vault monster count
 E = Vault monster count
 F = Vault count percentage of total count
                 A         B        C        D         E       F
            +---------+---------+-------+---------+---------+-------
      Total |     250 |     261 |  51.1 |      46 |      32 |  41.0
            +---------+---------+-------+---------+---------+-------
        D:1 |      28 |      36 |  56.2 |      16 |       1 |   5.9
        D:2 |      75 |     141 |  65.3 |      12 |      17 |  58.6
        D:3 |     144 |      84 |  36.8 |      17 |      14 |  45.2
        D:4 |       3 |       0 |   0.0 |       1 |       0 |   0.0
            +---------+---------+-------+---------+---------+-------
